 Dungeon Crawl Stone Soup version 0.29.1-15-g9cfb28693d (webtiles) character file.

Game seed: 15739845880204918549

111 Tirrikindir the Ducker (level 4, -3/31 HPs)
             Began as an Octopode Fighter on Apr 15, 2023.
             Slain by an ice beast (13 damage)
             ... on level 3 of the Dungeon.
             The game lasted 00:05:55 (1951 turns).

Tirrikindir the Ducker (Octopode Fighter)           Turns: 1951, Time: 00:05:56

Health: -3/31      AC:  1    Str: 15    XL:     4   Next: 92%
Magic:  4/4        EV: 13    Int: 10    God:
Gold:   89         SH:  5    Dex: 13    Spells: 3/3 levels left

rFire   . . .      SeeInvis .   a - +1 long sword
rCold   . . .      Faith    .   b - +0 buckler
rNeg    . . .      Spirit   .   (helmet restricted)
rPois   .          Reflect  .   (no amulet)
rElec   .          Harm     .   (no ring)
rCorr   .          Rampage  .   (no ring)
Will    .....                   (no ring)
Stlth   +++.......              (no ring)
HPRegen 0.10/turn               (no ring)
MPRegen 0.09/turn               (no ring)
                                (no ring)
                                (no ring)

@: mighty
A: almost no armour, amphibious, 8 rings, camouflage 1, gelatinous body 1,
(nimble swimmer 1), tentacles
a: no special abilities


You were on level 3 of the Dungeon.
You visited 1 branch of the dungeon, and saw 3 of its levels.

You collected 89 gold pieces.

Inventory:

Hand Weapons
 a - a +1 long sword (weapon)
 e - a +1 dagger of draining
Missiles
 d - 4 poisoned darts (quivered)
Armour
 b - a +0 buckler (worn)
Scrolls
 i - 5 scrolls of teleportation
 j - 2 scrolls of amnesia {unknown}
 k - a scroll of magic mapping {unknown}
Potions
 f - a potion of flight
 g - 2 potions of lignification
 h - 2 potions of haste {unknown}
 l - a potion of cancellation {unknown}


   Skills:
 + Level 3.3 Fighting
 * Level 3.0 Long Blades
 + Level 1.5 Throwing
 + Level 3.4 Dodging
 + Level 1.8 Stealth
 + Level 3.4 Shields


You had 3 spell levels left.
You didn't know any spells.
Your spell library contained the following spells:

 Spells                   Type           Power      Damage    Failure   Level
 Freeze                   Ice            0%         1d3       45%         1
 Sublimation of Blood     Necr           0%         N/A       58%         2
 Ignite Poison            Fire/Tmut/Pois 0%         N/A       83%         3
 Mephitic Cloud           Conj/Pois/Air  0%         N/A       83%         3
 Freezing Cloud           Conj/Ice/Air   0%         6-21      100%        5
 Borgnjor's Revivificati  Necr           0%         N/A       100%        8
 Death's Door             Necr           0%         N/A       100%        9


Dungeon Overview and Level Annotations

Branches:
Dungeon (3/15)

Altars:


Innate Abilities, Weirdness & Mutations

You cannot wear most types of armour.
You are amphibious.
You can wear up to eight rings at the same time.
Your skin changes colour to match your surroundings (Stealth+).
Your rubbery body absorbs attacks. (AC +1, EV +1)
((You are camouflaged when in or above water. (Stealth+)))
You have tentacles for arms and can constrict up to eight enemies at once.


Message History

The hobgoblin shoots a sling bullet.
The sling bullet misses you.
You start resting.
A hobgoblin is nearby!
You hit the hobgoblin. Your grab misses the hobgoblin.
The hobgoblin is moderately wounded.
The hobgoblin unwields a +0 sling.
The hobgoblin barely misses you.
You closely miss the hobgoblin. Your grab misses the hobgoblin.
Your tentacle-slap misses the hobgoblin.
The hobgoblin is moderately wounded.
The hobgoblin hits you.
You slash the hobgoblin!
You kill the hobgoblin!
A goblin comes into view. It is wielding a +0 club.
Things that are here:
a +0 sling; 3 scrolls of teleportation
i - 5 scrolls of teleportation (gained 3)
You start resting.
A goblin is nearby!
Throw: 5 darts (poison)
Press: ? - help, Q - select action Shift-Dir - straight line, f - goblin
Aim: a goblin, wielding a +0 club (wandering, hasn't noticed you, 50% to hit)
You throw a poisoned dart. The poisoned dart hits the goblin.
The goblin is poisoned.
The goblin shouts!
You hit the goblin.
You kill the goblin!
You start resting.
An ice beast comes into view.
You feel very mighty all of a sudden.
Things that are here:
a +0 club; a goblin corpse You closely miss the ice beast.
Your squeeze misses the ice beast. The ice beast hits you.
The ice beast freezes you!
You hit the ice beast. Your squeeze misses the ice beast.
The ice beast is moderately wounded.
The ice beast hits you but does no damage.
You barely miss the ice beast. Your squeeze misses the ice beast.
The ice beast is moderately wounded.
The ice beast hits you. The ice beast freezes you!
You die...

..~~≈≈≈≈≈≈≈≈≈≈≈≈≈
...≈≈≈≈≈≈≈≈≈≈~≈≈≈
...~~~≈~~~~~~~~~~
.....~.~~...~~~~. .
................ .
.............. #.
#....).#.Y#######
#.###.#.....@.......#
##.....####).....#####
#.....)#.......###
#........†.....###
....###.#.##....#.# #
#......†....#.#
#.#.#)###...#.#
#.#.#.###.....# .
..#).)......#


You could see an ice beast.

Vanquished Creatures
  Jessica (D:3)
  2 adders (D:2)
  A dart slug (D:2)
  6 bats
  7 endoplasms
  3 giant cockroaches (D:2)
  4 hobgoblins
  4 jackals (D:2)
  3 quokkas
  3 ball pythons
  4 frilled lizards
  11 goblins
  4 kobolds
  6 rats
59 creatures vanquished.

Notes
Turn   | Place    | Note
-------+----------+-------------------------------------------
     0 | D:1      | Tirrikindir the Octopode Fighter began the quest for the
                  | Orb.
     0 | D:1      | Reached XP level 1. HP: 16/16 MP: 1/1
   176 | D:1      | Reached XP level 2. HP: 18/20 MP: 2/2
   384 | D:1      | Got the Precepts of Ice and Despicable Mysteries
   627 | D:2      | Reached skill level 1 in Stealth
   631 | D:2      | Reached XP level 3. HP: 13/26 MP: 3/3
   921 | D:2      | Reached skill level 1 in Throwing
  1194 | D:2      | Reached XP level 4. HP: 11/31 MP: 4/4
  1838 | D:3      | Noticed Jessica
  1845 | D:3      | Killed Jessica
  1946 | D:3      | Noticed an ice beast
  1951 | D:3      | Slain by an ice beast

Illustrated notes

Levels and vault maps discovered:
D:1:      dpeg_arrival_short_road, layout_rooms, minmay_pentomino_v2
D:2:      layout_loops_ring, minmay_cupped
D:3:      minmay_goblin_kobold_castle, layout_loops_cross, minitemple,
          shapermc_ecumenical_altar_mp_urbaneastern, uniq_jessica

Skill      XL: |  1  2  3  4 |
---------------+-------------+-----
Stealth        | 1 |  1.8
Throwing       | 1 |  1.5
Long Blades    | 3 |  3.0
Fighting       | |  3.3
Dodging        | |  3.4
Shields        | |  3.4

Action                   |  1- 3 |  4- 6 || total
-------------------------+-------+-------++-------
Melee: Long sword        |    75 |    27 ||   102
       Constrict         |    18 |     6 ||    24
       Tentacles         |     9 |     4 ||    13
Throw: Dart              |     3 |     2 ||     5
  Use: Scroll            |     3 |     1 ||     4
       Potion            |       |     1 ||     1
 Stab: Sleeping          |     4 |     4 ||     8
Armor: Skin              |     5 |     3 ||     8
Dodge: Dodged            |    37 |    18 ||    55
Block: Buckler           |    15 |     7 ||    22
